 Dungeon Crawl Stone Soup version 0.27-a0-148-g9515ab555c (webtiles) character file.

Game seed: 7682135972801783865

279 knot the Chopper (level 6, -7/47 HPs)
             Began as a Demonspawn Berserker on Jan 26, 2021.
             Was a Believer of Trog.
             Mangled by a gnoll
             ... wielding a +1 vorpal flail
              (10 damage)
             ... on level 3 of the Dungeon.
             The game lasted 00:02:20 (2720 turns).

knot the Chopper (Demonspawn Berserker)             Turns: 2720, Time: 00:02:21

Health: -7/47      AC:  2    Str: 15 (17) XL:     6   Next: 5%
Magic:  6/6        EV: 12    Int: 10 (11) God:    Trog [**....]
Gold:   198        SH:  0    Dex:  9 (12) Spells: 5/5 levels left

rFire    + . .     SeeInvis .   a - +0 hand axe
rCold    + . .     Faith    .   (no shield)
rNeg     . . .     Spirit   .   b - +0 animal skin
rPois    +         Reflect  .   (no helmet)
rElec    +         Harm     .   k - scarf {+Inv}
rCorr    +         Rampage  .   (no gloves)
Will     .....                  (no boots)
Stlth    +.........             (no amulet)
HPRegen  0.15/turn              (no ring)
MPRegen  0.20/turn              (no ring)

@: resistant, berserk cooldown, slowed, very slow
A: claws 1, magic regeneration
a: Renounce Religion, Evoke Invisibility, Berserk, Trog's Hand


You were on level 3 of the Dungeon.
You worshipped Trog.
Trog was pleased with you.
You visited 1 branch of the dungeon, and saw 3 of its levels.

You collected 198 gold pieces.

Inventory:

Hand Weapons
 a - a +0 hand axe (weapon)
Missiles
 c - 84 stones
Armour
 b - a +0 animal skin (worn)
 k - a scarf of invisibility (worn)
Scrolls
 d - 2 scrolls of identify {unknown}
 h - a scroll of immolation {unknown}
 j - 3 scrolls of magic mapping {unknown}
 l - a scroll of fear {unknown}
Potions
 e - a potion of haste {unknown}
 f - a potion of brilliance {unknown}
 g - 2 potions of degeneration
 i - 2 potions of curing
 o - a potion of attraction {unknown}


   Skills:
 - Level 3.0 Fighting
 + Level 6.2 Axes
 - Level 1.7 Armour
 - Level 1.7 Dodging


You had 5 spell levels left.
You didn't know any spells.
Your spell library was empty.

Dungeon Overview and Level Annotations

Branches:
Dungeon (3/15)

Altars:
Fedhas


Innate Abilities, Weirdness & Mutations

You have sharp fingernails.
You regenerate magic rapidly.


Message History

It was a potion of curing.
You feel better.
The gnoll hits you from afar with a +0 spear!
It was a potion of resistance.
You feel protected. The gnoll closely misses you.
The gnoll hits you from afar with a +0 spear.
* * * LOW HITPOINT WARNING * * *
It was a potion of berserk rage.
You're still recovering from your berserk rage.
The gnoll misses you. x2
The gnoll hits you from afar with a +0 spear.
* * * LOW HITPOINT WARNING * * *
The gnoll hits you with a +1 vorpal flail.
* * * LOW HITPOINT WARNING * * *
x2 The gnoll closely misses you.
It was a potion of degeneration.
There was something very wrong with that liquid.
You feel weakened.
You feel dopey.
You feel clumsy.
The gnoll hits you with a +1 vorpal flail!
You die...

....#........#.......
.......#..#......>...
#$..................
#...#.?....#.......#
....................
..................
.....#....).#..#
......w.)g..g..#+#######
.w.....#..#g@...........
..........[...#.....##
..............#.....#####
........#...#.#.........#
...........##.#.........#
...........##+#.........#
........................#
.####..............#
#........######


You could see a worm and 3 gnolls.

Vanquished Creatures
  Grinder (D:3)
  A gnoll (D:3)
  A worm (D:2)
  3 dart slugs
  3 leopard geckos
  3 orcs (D:3)
  2 giant cockroaches (D:1)
  3 goblins
  5 hobgoblins
  2 jackals (D:1)
  5 kobolds
  9 bats
  10 frilled lizards
  4 rats
52 creatures vanquished.

Vanquished Creatures (others)
  6 fungi (D:2)
  4 toadstools (D:2)
10 creatures vanquished.

Grand Total: 62 creatures vanquished

Notes
Turn   | Place    | Note
-------+----------+-------------------------------------------
     0 | D:1      | knot the Demonspawn Berserker began the quest for the Orb.
     0 | D:1      | Reached XP level 1. HP: 18/18 MP: 1/1
    49 | D:1      | Reached skill level 3 in Axes
   247 | D:1      | Gained mutation: You have sharp fingernails. [demonic
                  | ancestry]
   247 | D:1      | Reached XP level 2. HP: 17/24 MP: 2/2
   714 | D:1      | Reached ** piety under Trog
   715 | D:1      | Reached XP level 3. HP: 28/29 MP: 3/3
  1324 | D:2      | Found a blossoming altar of Fedhas.
  1357 | D:2      | Reached skill level 4 in Axes
  2292 | D:3      | Noticed Grinder
  2292 | D:3      | Paralysed by Grinder for 7 turns
  2306 | D:3      | Killed Grinder
  2307 | D:3      | Reached skill level 6 in Axes
  2307 | D:3      | Reached XP level 4. HP: 6/35 MP: 4/4
  2307 | D:3      | Gained mutation: You regenerate magic rapidly. [demonic
                  | ancestry]
  2307 | D:3      | Reached XP level 5. HP: 7/41 MP: 5/5
  2704 | D:3      | Reached XP level 6. HP: 47/47 MP: 6/6
  2720 | D:3      | Mangled by a gnoll

Illustrated notes

Levels and vault maps discovered:
D:1:      wander_arrival_estate, layout_basic, roderic_st_hans_cross,
          nrook_loot_triangle, chequers_serial_rivers_room_a,
          kennysheep_decorative_pillar, hangedman_decor_clover_reticule
D:2:      layout_loops_cross, nicolae_overflow_hidden_temple, kennysheep_donut,
          minmay_gold_behind_fungi
D:3:      layout_basic, nemelex_altar_shiori, minmay_misc_feat_plants,
          amethyst_killhole, uniq_grinder

Skill      XL: |  1  2  3 |
---------------+----------+-----
Axes           | 3 6 |  6.2
Fighting       | |  3.0
Armour         | |  1.7
Dodging        | |  1.7

Action                   |  1- 3 |  4- 6 || total
-------------------------+-------+-------++-------
Melee: Hand axe          |   152 |    11 ||   163
Invok: Berserk           |     2 |     1 ||     3
       Trog's Hand       |     1 |       ||     1
  Use: Potion            |       |     4 ||     4
 Stab: Sleeping          |     1 |       ||     1
Armor: Animal skin       |    38 |     1 ||    39
Dodge: Dodged            |   100 |    10 ||   110

Table legend: (Time is in decaauts)
 A = Elapsed time spent in this place.
 B = Non-inter-level travel time spent in this place.
 C = Inter-level travel time spent in this place.
 D = Time resting spent in this place.
 E = Time spent auto-exploring this place.
 F = Levels seen in this place.
 G = Mean time per level.
                   A        B        C        D        E       F      G
               +--------+--------+--------+--------+--------+-----+--------+
         Total |   2757 |   2670 |     87 |    832 |   1486 |   3 |  919.0 |
       Dungeon |   2757 |   2670 |     87 |    832 |   1486 |   3 |  919.0 |
               +--------+--------+--------+--------+--------+-----+--------+

Top non-repeatable levels by time:
     D:2: 1239 daAuts
     D:1: 1035 daAuts
     D:3: 482 daAuts
